 Dungeon Crawl Stone Soup version 0.18.1-8-gdd0e5ea (webtiles) character file.

73 Loading the Ruffian (level 4, -1/40 HPs)
             Began as a Ghoul Monk on May 28, 2016.
             Slain by Natasha (7 damage)
             ... on level 2 of the Dungeon.
             The game lasted 00:04:50 (2013 turns).

Loading the Ruffian (Ghoul Monk)                    Turns: 2013, Time: 00:04:51

Health: -1/40      AC:  2    Str: 14    XL:     4   Next: 27%
Magic:  3/3        EV: 13    Int:  5    God:
Gold:   103        SH:  0    Dex: 12    Spells: 0 memorised, 3 levels left

rFire  . . .     SeeInvis .       - Unarmed
rCold  + . .     Gourm    .     a - +0 robe
rNeg   + + +     Faith    .     (no shield)
rPois  ∞         Spirit   .     (no helmet)
rElec  .         Dismiss  .     (no cloak)
rCorr  .         Reflect  .     (no gloves)
SustAt .         Harm     .     (no boots)
MR     .....                    (no amulet)
Stlth  ++........               (no ring)
                                (no ring)

@: rotting, not resistant to hostile enchantments, unstealthy
A: rotting body, claws 1, carnivore 3, cold resistance 1, negative energy
resistance 3, slow regeneration 1, torment resistance, unbreathing
a: no special abilities


You were on level 2 of the Dungeon.
You were not hungry.

You visited 1 branch of the dungeon, and saw 2 of its levels.

You collected 103 gold pieces.

Inventory:

Armour
 a - a +0 robe (worn)
 e - a +0 scale mail
Jewellery
 m - an uncursed amulet of rage {unknown}
Scrolls
 c - a scroll of fog {unknown}
 g - 4 scrolls of identify {unknown}
 i - a scroll of recharging {unknown}
 n - 2 scrolls of remove curse {unknown}
Potions
 d - a potion of heal wounds {unknown}
 f - a potion of haste {unknown}
 h - a potion of cancellation {unknown}
 j - 2 potions of lignification {unknown}
 k - a potion of ambrosia {unknown}
Comestibles
 b - a meat ration
 l - a beef jerky


   Skills:
 + Level 3.7 Fighting
 + Level 3.1 Dodging
 + Level 3.3 Stealth
 * Level 5.1 Unarmed Combat


You had 3 spell levels left.
You didn't know any spells.

Dungeon Overview and Level Annotations

Branches:
Dungeon (2/15)

Altars:

Annotations:
D:2 Natasha


Innate Abilities, Weirdness & Mutations

Your body is rotting away.
You thrive on raw meat.
You are immune to poison.
You have sharp fingernails.
You are carnivorous and can eat meat at any time.
Your flesh is cold resistant.
You are immune to negative energy.
You regenerate slowly when monsters are visible.
You are immune to unholy pain and torment.
You can survive without breathing.


Message History

The quokka completely misses you. Natasha misses you.
You claw Natasha!
Natasha is severely wounded.
The quokka barely misses you. Natasha claws you!
You closely miss Natasha.
Natasha is severely wounded.
The quokka bites you.
* * * LOW HITPOINT WARNING * * *
The rat barely misses you.
You closely miss Natasha.
Natasha is severely wounded.
Natasha stares at you and mumbles some strange words.
The magic dart hits you!
* * * LOW HITPOINT WARNING * * *
The quokka bites you.
* * * LOW HITPOINT WARNING * * *
The rat misses you.
Eat a chunk of flesh? (ye/n/q/i?) This raw flesh tastes great!
Natasha claws you!
You die...

##...# #. ##.## ##.##
#.# ##...# #.# ....
###.#### ##..## #......#
######....#####.##.#
##........# #.#.)##.#
#.....r@..###....##.####
+.....hr..'.............
#.......[.###....##.####
.#.......## #.#....(...#
##.....## #.#.###.##.#
##...## #.......##.#
##+# ###.###.##.#
#.......##.#
#.#........#


You could see Natasha, a quokka and a rat.

Vanquished Creatures
  A gnoll (D:1)
  An adder (D:2)
  3 oozes
  A dart slug (D:1)
  An orc (D:2)
  6 goblins
  9 hobgoblins
  2 quokkas (D:2)
  5 bats
  2 giant newts (D:1)
  3 kobolds
  7 rats
41 creatures vanquished.

Notes
Turn   | Place    | Note
--------------------------------------------------------------
     0 | D:1      | Loading the Ghoul Monk began the quest for the Orb.
     0 | D:1      | Reached XP level 1. HP: 19/19 MP: 0/0
    92 | D:1      | Reached XP level 2. HP: 21/26 MP: 1/1
   335 | D:1      | Reached XP level 3. HP: 30/31 MP: 2/2
  1236 | D:2      | Found a faded altar to an unknown god.
  1784 | D:2      | Reached skill level 5 in Unarmed Combat
  1827 | D:2      | Reached XP level 4. HP: 39/39 MP: 3/3
  2003 | D:2      | Noticed Natasha
  2012 | D:2      | HP: 1/40 [quokka (2)]
  2013 | D:2      | Slain by Natasha

Skill      XL: |  1  2  3 |
---------------+----------+-----
Stealth        | 3 |  3.3
Dodging        | 3 |  3.1
Unarmed Combat | 5 |  5.1
Fighting       | |  3.7

Action                   |  1- 3 |  4- 6 || total
-------------------------+-------+-------++-------
Melee: Unarmed           |   104 |    15 ||   119
       Punch             |     5 |       ||     5
 Stab: Sleeping          |     7 |       ||     7
  Eat: Chunk             |    16 |     2 ||    18
Armor: Robe              |     9 |     3 ||    12
Dodge: Dodged            |    58 |    11 ||    69
